 Dungeon Crawl Stone Soup version 0.28.0-53-g5a82cb258f (webtiles) character file.

Game seed: 14177656128140933862

86 Spectrina the Cudgeller (level 4, -7/33 (35) HPs)
             Began as a Human Monk on May 28, 2022.
             Mangled by a hell rat (8 damage)
             ... in a sewer.
             The game lasted 00:14:18 (1611 turns).

Spectrina the Cudgeller (Human Monk)                Turns: 1611, Time: 00:14:19

HP:   -7/33 (35)    AC:  3    Str: 13      XL:     4   Next: 77%
MP:   4/4           EV: 13    Int: 14 (17) God:
Gold: 60            SH:  0    Dex: 14 (15) Spells: 3/3 levels left

rFire   . . .      SeeInvis .   l - +1 whip
rCold   . . .      Faith    .   (no shield)
rNeg    . . .      Spirit   .   b - +1 robe
rPois   .          Reflect  .   (no helmet)
rElec   .          Harm     .   (no cloak)
rCorr   .          Rampage  .   (no gloves)
Will    .....                   (no boots)
Stlth   ++........              (no amulet)
HPRegen 0.11/turn               c - +6 ring of intelligence
MPRegen 0.09/turn               (no ring)

@: drained
A: no striking features
a: no special abilities


You were in a sewer.
You visited 1 branch of the dungeon, and saw 3 of its levels.
You also visited: Sewer.

You collected 60 gold pieces.

Inventory:

Hand Weapons
 a - a +0 mace
 l - a +1 whip (weapon)
Missiles
 d - 75 stones
 e - 5 atropa-tipped darts (quivered)
 o - 16 bolts
Armour
 b - a +1 robe (worn)
Magical Staves
 n - a staff of cold
Jewellery
 c - a +6 ring of intelligence (left hand)
Scrolls
 h - a scroll of immolation
Potions
 g - a potion of degeneration
 p - a potion of magic


   Skills:
 - Level 3.0 Fighting
 + Level 4.4 Maces & Flails
 - Level 3.0 Dodging
 + Level 3.4 Stealth


You had 3 spell levels left.
You didn't know any spells.
Your spell library contained the following spells:

 Spells                   Type           Power      Damage    Failure   Level
 Corpse Rot               Necr/Air       0%         N/A       41%         2
 Poisonous Vapours        Pois/Air       0%         N/A       41%         2


Dungeon Overview and Level Annotations

Branches:
Dungeon (3/15)              Sewer (1/1)

Altars:


Message History

As you read the scroll of enchant armour, it crumbles to dust.
Your +0 robe glows green for a moment.
Okay, then.
Unknown command.
As you read the scroll of enchant weapon, it crumbles to dust.
Your +0 whip glows red for a moment.
l - a +1 whip (weapon)
Okay, then.
Found three items.
There is an open door here.
Throw: 6 darts (atropa)
Press: ? - help, Q - select action, (/) - cycle Shift-Dir - straight line, f - hell rat
Aim: a hell rat (59% to hit, chance to blind on hit: 83%)
You throw an atropa-tipped dart.
The atropa-tipped dart closely misses the hell rat.
You hear a splash.
You barely miss the hell rat. You hit the hell rat.
The hell rat is moderately wounded.
The hell rat barely misses you.
You hit the hell rat but do no damage.
The hell rat is moderately wounded.
The hell rat bites you!
Okay, then.
You closely miss the hell rat.
The hell rat is moderately wounded.
The hell rat barely misses you.
You barely miss the hell rat.
The hell rat is moderately wounded.
The hell rat splashes around in the water.
You closely miss the hell rat.
The hell rat is moderately wounded.
The hell rat splashes around in the water.
You hit the hell rat.
The hell rat is severely wounded.
The hell rat bites you!!
Ouch! That really hurt!
* * * LOW HITPOINT WARNING * * *
You feel drained.
You die...

#########
###≈..≈≈..###
###..†≈≈...≈.≈###
#....†##@##.≈≈.≈#
##..†###.r≈###..≈#
#.≈≈##.≈≈(≈≈. ≈≈≈#
#≈.†#≈..≈≈≈.≈≈# ≈≈#
#≈≈.##.????!≈##rr.#
##.≈≈###!∩?###≈≈≈ #
#.≈≈≈≈#####.≈≈≈≈
###..≈.≈∩≈..≈.#
###≈.≈∩≈..###


You could see a hell rat.

Vanquished Creatures
  2 adders
  2 bats (D:1)
  5 endoplasms
  6 giant cockroaches
  3 goblins
  5 hobgoblins
  4 jackals
  7 kobolds
  4 quokkas
  8 ball pythons
  5 frilled lizards
  12 rats
63 creatures vanquished.

Notes
Turn   | Place    | Note
-------+----------+-------------------------------------------
     0 | D:1      | Spectrina the Human Monk began the quest for the Orb.
     0 | D:1      | Reached XP level 1. HP: 18/18 MP: 1/1
    93 | D:1      | Reached XP level 2. HP: 10/24 MP: 2/2
   469 | D:1      | Reached XP level 3. HP: 18/29 MP: 3/3
   804 | D:1      | Reached skill level 4 in Maces & Flails
   900 | D:2      | Reached XP level 4. HP: 24/35 MP: 4/4
  1490 | D:3      | Found a glowing drain.
  1544 | Sewer    | Entered a sewer
  1611 | Sewer    | HP: 1/35 [hell rat (19)]
  1611 | Sewer    | Mangled by a hell rat

Illustrated notes

Levels and vault maps discovered:
D:1:      wander_arrival_lonely_grave, layout_rooms,
          kennysheep_decorative_pillar
D:2:      layout_loops_ring
D:3:      layout_loops_corners, shapermc_ecumenical_altar_mp_vishouse,
          cheibrodos_sewer_entry_drain, uniq_natasha
Sewer:    sewer_hellmonk_bad_rat

Skill      XL: |  1  2  3  4 |
---------------+-------------+-----
Maces & Flails | 4 |  4.4
Stealth        | 3 |  3.4
Fighting       | |  3.0
Dodging        | |  3.0

Action                   |  1- 3 |  4- 6 || total
-------------------------+-------+-------++-------
Melee: Mace              |   121 |    74 ||   195
       Punch             |     3 |       ||     3
       Whip              |       |     7 ||     7
Throw: Stone             |    21 |    25 ||    46
       Dart              |       |     1 ||     1
  Use: Potion            |     1 |     4 ||     5
       Scroll            |       |     6 ||     6
 Stab: Sleeping          |       |     1 ||     1
Armor: Robe              |    22 |     7 ||    29
Dodge: Dodged            |   101 |    42 ||   143
